 Dungeon Crawl Stone Soup version 0.32-a0-705-g60f233581c (webtiles) character file.

Game seed: 5463737019587640671

1622525 fpsbossfight the Invulnerable (level 26, 165/180 (190) HPs)
             Began as a Gargoyle Monk on Mar 13, 2024.
             Was the Champion of Ru.
             Escaped with the Orb
             ... and 3 runes on Mar 14, 2024!
             The game lasted 03:14:54 (70759 turns).

fpsbossfight the Invulnerable (Gargoyle Monk)      Turns: 70759, Time: 03:14:54

HP:   165/180 (190) AC: 61    Str: 27    XL:     26   Next: 85%
MP:   20/20         EV:  8    Int: 12    God:    Ru [******]
Gold: 5147          SH: 36    Dex: 18    Spells: 25/25 levels left

rFire   + + .        m - +7 demon whip (heavy)
rCold   + . .        K - +6 tower shield {AC+3}
rNeg    + . .        H - +13 plate armour of Cheibriados, Writhing {rC- Dex+3 Slay+2}
rPois   ∞            x - +2 hat {Will+}
rElec   +            q - scarf {rC+ rF+}
rCorr   +            c - +1 pair of gloves
SInv    .            Q - +1 pair of boots of Pofrokh {Will+ Slay+2}
Will    ++++.        C - amulet of Zusmyom {Reflect +Blink rCorr SH+5} Stlth
                     l - ring of protection from fire
HPRegen 0.50/turn    T - ring "Ciaquemn" {rC+ EV+5 Str+3 Dex+3}
MPRegen 0.17/turn

%: reflection
@: flying, studying 2 skills, drained
A: sickness immunity, AC +20, big wings, negative energy resistance 1,
electricity resistance, torment resistance 1, weak 1, petrification resistance,
hated by all, inability to train dodging, no air magic, no conjurations magic,
no hexes magic, reduced AC 1, reduced EV 1, antennae 1, low MP 1, strong-willed
1, wild magic 1, no potion heal 1, inability to read after injury 1
0: Orb of Zot
}: 3/15 runes: barnacled, slimy, gossamer
a: Renounce Religion, Evoke Blink, Draw Out Power, Power Leap, Apocalypse


You escaped.
You worshipped Ru.
Ru was exalted by your worship.
You visited 10 branches of the dungeon, and saw 50 of its levels.
You visited the Abyss 1 time.
You also visited: Ossuary, Gauntlet and Wizlab.

You collected 6159 gold pieces.
You spent 1012 gold pieces at shops.

Inventory:

Hand Weapons
 m - a +7 heavy demon whip (weapon)
   (You took it off Amaemon on level 1 of the Lair of Beasts)
Missiles
 R - 20 javelins
 U - 42 boomerangs (quivered)
 W - 10 silver javelins
 X - 10 curare-tipped darts {!f}
Armour
 c - a +1 pair of gloves (worn)
   (You found it on level 5 of the Pits of Slime)
 q - a scarf of resistance (worn)
   (You found it on level 4 of the Spider Nest)
 x - a +2 hat of willpower (worn)
   (You found it on level 4 of the Spider Nest)
 H - the +13 plate armour of Cheibriados, Writhing (worn) {rC- Dex+3 Slay+2}
   (You found it on level 1 of the Spider Nest)

   Dex+3:     It affects your dexterity (+3).
   Slay+2:    It affects your accuracy & damage with ranged weapons and melee
   (+2).
   rC-:       It makes you vulnerable to cold.
 K - a +6 tower shield of protection (worn)
   (You bought it in a shop on level 2 of the Orcish Mines)
 Q - the +1 pair of boots of Pofrokh (worn) {Will+ Slay+2}
   (You found it on level 3 of the Lair of Beasts)

   Slay+2:    It affects your accuracy & damage with ranged weapons and melee
   (+2).
   Will+:     It increases your willpower.
Jewellery
 e - an amulet of regeneration
   (You took it off a black draconian on level 5 of the Realm of Zot)
 l - a ring of protection from fire (left hand)
   (You found it on level 5 of the Pits of Slime)
 t - the ring of Devotion {rC+ Will+}
   (You found it on level 3 of the Depths)

   [ring of willpower]

   rC+:       It protects you from cold.
   Will+:     It increases your willpower.
 z - a ring of see invisible
   (You took it off Erica on level 11 of the Dungeon)
 C - the amulet of Zusmyom (around neck) {Reflect +Blink rCorr SH+5}
   (You found it on level 3 of the Depths)

   [amulet of reflection]

   Reflect:   It reflects blocked missile attacks.
   +Blink:    It lets you blink.
   rCorr:     It protects you from acid and corrosion.
   SH+5:      It affects your SH (+5).
 L - the ring "Ojiseump" {rElec rPois rC++ rCorr Str-4}
   (You found it on level 3 of the Depths)

   [ring of resist corrosion]

   Str-4:     It affects your strength (-4).
   rC++:      It greatly protects you from cold.
   rElec:     It insulates you from electricity.
   rPois:     It protects you from poison.
   rCorr:     It protects you from acid and corrosion.
 T - the ring "Ciaquemn" (right hand) {rC+ EV+5 Str+3 Dex+3}
   (You found it in a Gauntlet)

   [ring of evasion]

   EV+5:      It affects your evasion (+5).
   Str+3:     It affects your strength (+3).
   Dex+3:     It affects your dexterity (+3).
   rC+:       It protects you from cold.
Wands
 s - a wand of warping (48)
   (You found it on level 4 of the Dungeon)
 v - a wand of digging (22)
   (You found it in a Gauntlet)
 I - a wand of polymorph (5)
   (You found it on level 10 of the Dungeon)
 M - a wand of mindburst (21)
   (You found it on level 2 of the Lair of Beasts)
 P - a wand of light (20)
   (You found it on level 3 of the Lair of Beasts)
Scrolls
 d - a scroll of silence
 g - 8 scrolls of fear
 h - 7 scrolls of poison
 j - 18 scrolls of teleportation {@r4}
 k - a scroll of noise {!r}
 o - 2 scrolls of blinking
 p - 12 scrolls of fog
 y - 2 scrolls of immolation {!r}
 B - 5 scrolls of vulnerability {!r}
 E - 2 scrolls of torment {!r}
 O - 2 scrolls of revelation
Potions
 a - 11 potions of heal wounds {@q2}
 b - 3 potions of ambrosia
 f - 7 potions of enlightenment
 i - 2 potions of mutation {!q}
 u - 4 potions of invisibility
 w - 8 potions of lignification {!q}
 A - 3 potions of magic
 F - 5 potions of resistance
 G - 16 potions of curing {@q1}
 J - 3 potions of might
 S - 5 potions of cancellation
 V - a potion of attraction {!q}
Miscellaneous
 r - a tin of tremorstones (inert)
   (You found it on level 2 of the Shoals)
 N - a phial of floods
   (You found it on level 4 of the Vaults)
 Z - a lightning rod (1/4) {!a}
   (You found it in a Gauntlet)


   Skills:
 - Level 26.0 Fighting
 - Level 16.0 Maces & Flails
 - Level 12.0 Throwing
 O Level 27 Armour
 + Level 26.3 Shields
 - Level 8.0 Evocations


You had 25 spell levels left.
You didn't know any spells.
Your spell library contained the following spells:

 Spells                   Type           Power      Damage    Failure   Level
 Apportation              Tloc           0%         N/A       78%         1
 Freeze                   Ice            0%         1d3       78%         1
 Necrotise                Necr           0%         1d4       78%         1
 Blink                    Tloc           0%         N/A       89%         2
 Frozen Ramparts          Ice            0%         1d1       98%         3
 Fugue of the Fallen      Necr           0%         N/A       98%         3
 Ozocubu's Armour         Ice            0%         N/A       98%         3
 Vampiric Draining        Necr           0%         2d6       98%         3
 Volatile Blastmotes      Fire/Tloc      0%         2d10      98%         3
 Manifold Assault         Tloc           0%         N/A       100%        4
 Passage of Golubria      Tloc           0%         N/A       100%        4
 Petrify                  Alch/Erth      0%         N/A       100%        4
 Alistair's Intoxication  Alch           0%         N/A       100%        5
 Borgnjor's Vile Clutch   Necr/Erth      0%         N/A       100%        5
 Curse of Agony           Necr           0%         N/A       100%        5
 Lee's Rapid Deconstruct  Erth           0%         3d4*      100%        5
 Dispersal                Tloc           0%         N/A       100%        6
 Eringya's Noxious Bog    Alch           0%         4d6       100%        6
 Disjunction              Tloc           0%         N/A       100%        8
 Sting                    Conj/Alch      Unusable   1d3       N/A         1
 Summon Small Mammal      Summ           Unusable   N/A       N/A         1
 Sublimation of Blood     Necr           Unusable   N/A       N/A         2
 Call Canine Familiar     Summ           Unusable   N/A       N/A         3
 Hailstorm                Conj/Ice       Unusable   3d5       N/A         3
 Animate Armour           Summ/Erth      Unusable   N/A       N/A         4
 Fulminant Prism          Conj/Alch      Unusable   3d5       N/A         4
 Iskenderun's Mystic Bla  Conj/Tloc      Unusable   2d3       N/A         4
 Martyr's Knell           Necr/Summ      Unusable   N/A       N/A         4
 Summon Blazeheart Golem  Fire/Summ      Unusable   N/A       N/A         4
 Summon Lightning Spire   Summ/Air       Unusable   N/A       N/A         4
 Vhi's Electric Charge    Tloc/Air       Unusable   N/A       N/A         4
 Irradiate                Conj/Alch      Unusable   3d11      N/A         5
 Summon Forest            Summ/Tloc      Unusable   N/A       N/A         5

Dungeon Overview and Level Annotations

Branches:
Dungeon (15/15)            Temple (0/1) D:5            Lair (5/5) D:8
 Shoals (4/4) Lair:3       Spider (4/4) Lair:2        Slime (5/5) Lair:4
    Orc (2/2) D:9             Elf (2/3) Orc:2        Vaults (4/5) D:14
  Crypt (0/3) Vaults:2     Depths (4/4) D:15            Zot (5/5) Depths:4
Ossuary (visited)          WizLab (visited)         Gauntlet (visited)

Altars:
Ashenzari
Elyvilon
Gozag
Kikubaaqudgha
Nemelex Xobeh
Okawaru
Ru
Trog
Vehumet
Wu Jian
Zin
The Shining One

Shops:
D:13 (   Orc:2 [(!?   Elf:2 [   Vaults:2 (   Vaults:4 [(

Portals:
Hell: Depths:1 Depths:2 Depths:3 Depths:4
Abyss: D:10 Depths:3
Pandemonium: Depths:2
Ziggurat: Depths:2
Trove: Depths:2 (lose all piety)

Annotations:
Depths:1 2 runed translucent doors
Zot:5 1 transporter


Innate Abilities, Weirdness & Mutations

You are immune to sickness and miasma.
Your stone body is resilient. (AC +20)
You are immune to poison.
Your large and strong wings let you fly.
You resist negative energy. (rN+)
You are resistant to electric shocks. (rElec)
You are resistant to unholy torment.
You are weak. (Str -2)
You are immune to petrification.
You are hated by all.
You cannot train Dodging skill.
You cannot study or cast Air magic.
You cannot study or cast Conjurations magic.
You cannot study or cast Hexes magic.
You take slightly more damage. (AC -5)
You have somewhat slow reflexes. (EV -5)
You have a pair of small antennae on your head.
Your magical capacity is low. (-10% MP)
You are strong-willed. (Will+)
Your spells are a little harder to cast, but a little more powerful.
Potions are less effective at restoring your health.
You occasionally lose the ability to read scrolls when taking damage.


Message History

You hear a grinding noise.
You hear a grinding noise.
You hear a grinding noise.
You see here 3 large rocks.
You hear a grinding noise.
You hear a grinding noise.
You hear a grinding noise.
You hear a grinding noise.
You hear a grinding noise.
There is a stone staircase leading up here.
You fly upwards.
There is a stone staircase leading down here.
Press: ? - help, Shift-Dir - straight line A rock wall.
This square is covered in magical glow.
The rock shatters into small pieces.
There is a stone staircase leading up here.
You fly upwards.
There is a stone staircase leading down here.
A Tzitzimitl comes into view.
The Tzitzimitl roars!
The Tzitzimitl calls on the powers of darkness!
Your body is wracked with pain!
You take 40 damage, and have 140/180 hp.
MASSIVE DAMAGE!!
You redirect the Tzitzimitl's attack!
There is an escape hatch in the ceiling here.
A mysterious force pulls you upwards. The hatch slams shut behind you.
There is an open door here.
There is a stone staircase leading up here.
You fly upwards.
There is a stone staircase leading down here.
Press: ? - help, Shift-Dir - straight line A rock wall.
This square is covered in magical glow.
The rock shatters into small pieces.
There is a stone staircase leading up here.
You fly upwards.
There is a stone staircase leading down here.
There is a stone staircase leading up, spattered with blood here.
You see here a frilled lizard skeleton.
You fly upwards.
There is a stone staircase leading down here.
You see here a +0 robe.
You regained 2 hp, and now have 157/180 hp.
Press: ? - help, Shift-Dir - straight line This square is covered in magical glow.
The rock shatters into small pieces.
There is a staircase leading out of the dungeon here.
You have escaped!

...#..#####..........##
...##....##..#..##.###
...............###.##
.##.................#
......#.##.#.#......#
........##...#......#
..###.#..#.....#....#
..###..#...#...####.##
#...............@>...#
......)........#####.#
#..####(..........##.#
##.###.....#.#######.#
##.#.÷..#....# #...#
.#.#.#......######.###
........##.........#
.....#.###........##
...#...###........#


There were no monsters in sight!

Vanquished Creatures
  the Royal Jelly (Slime:5)
  A dread lich (Zot:5)
  3 orbs of fire
  Mennas (Depths:4)
  2 juggernauts
  Mara (Spider:4)
  Xtahua (Vaults:3)
  Vv (Zot:1)
  The ghost of Heokhletz the Warrior, a veteran OnGl of Okawaru (Depths:4)
  Saint Roka (Vaults:1)
  4 caustic shrikes
  7 Killer Klowns (Zot:5)
  3 curse toes
  Nikola (Spider:4)
  12 golden dragons
  Jory (Vaults:3)
  Norris (Elf:1)
  A bone dragon (Abyss:1)
  Arachne (Spider:2)
  Rupert (Spider:1)
  An electric golem (Zot:5)
  2 Hell Sentinels (Abyss:1)
  A walking earthen tome (Zot:3)
  6 tentacled monstrosities
  Mlioglotl (Spider:2)
  26 Orb Guardians
  5 quicksilver dragons
  2 liches
  2 walking frostbound tomes (Depths:3)
  A walking crystal tome (Zot:3)
  4 sphinxes
  2 titans
  A deep elf blademaster (Elf:2)
  17 acid blobs
  3 death cobs
  2 eldritch tentacles (WizLab)
  A tentacled starspawn (Abyss:1)
  An Executioner (WizLab)
  3 shadow dragons
  Agnes (Spider:2)
  3 tengu reavers
  Kirke (Elf:1)
  Donald (Spider:2)
  The ghost of Zapaol the Tortoise, an adept AtFi of Gozag (Spider:1)
  Aizul (Elf:1)
  9 storm dragons
  4 protean progenitors
  13 azure jellies
  2 draconian monks
  7 rockslimes
  5 fire giants
  4 draconian knights
  8 emperor scorpions
  3 frost giants
  5 narguns (Zot:3)
  2 draconian shifters (Zot:1)
  Louise (Spider:4)
  2 balrugs (WizLab)
  A spectral juggernaut (Depths:4)
  14 vault wardens
  3 draconian scorchers
  7 ghost moths
  A curse skull (Vaults:2)
  A draconian stormcaller (Depths:4)
  A reaper (WizLab)
  3 broodmothers
  17 ironbound preservers
  2 draconian annihilators
  2 orc warlords
  2 grey draconians (Depths:4)
  19 stone giants
  2 formless jellyfish
  31 very ugly things
  10 quicksilver oozes
  8 green draconians
  4 vampire knights
  3 spriggan defenders
  2 deep elf death magi
  3 ironbound thunderhulks
  6 black draconians
  A war gargoyle (Vaults:4)
  3 elemental wellsprings (Shoals:3)
  2 deep elf demonologists
  A minotaur (Gauntlet)
  10 yellow draconians
  4 purple draconians
  8 spark wasps
  4 white draconians
  A dire elephant (Vaults:2)
  A purple draconian (shapeshifter) (WizLab)
  2 spectral titans (Depths:4)
  3 red draconians
  15 ettins
  8 fire dragons
  8 entropy weavers
  8 merfolk impalers
  6 merfolk javelineers
  A jiangshi (Vaults:2)
  2 crystal guardians (Vaults:2)
  11 vault guards
  6 yaktaur captains
  The ghost of Mll the Fighter, a journeyman MiFi of Okawaru (D:10)
  Josephine (Orc:2)
  11 great orbs of eyes
  10 hydras
  Harold (Lair:2)
  9 rakshasas
  13 ice dragons
  2 jorogumos
  2 peacekeepers
  9 spriggan air magi
  4 juggernaut simulacra (Depths:4)
  5 ogre magi
  A hell beast (Depths:2)
  2 radroaches (Spider:4)
  17 centaur warriors
  11 ironbound frosthearts
  26 dancing weapons
  5 merfolk avatars
  4 boulder beetles
  Erica (D:11)
  3 catoblepae
  18 two-headed ogres
  4 death yaks (Lair:5)
  7 deep troll shamans
  7 merfolk aquamancers
  3 spectral stone giants (Depths:4)
  8 tengu warriors
  3 vampire magi
  2 thrashing horrors
  2 titan zombies (Depths:4)
  9 spriggan berserkers
  10 deep troll earth magi
  4 occultists
  3 orc high priests
  A satyr (Shoals:4)
  7 demonic crawlers
  13 deep elf knights
  Urug (Lair:1)
  2 soul eaters
  9 iron trolls
  A goliath frog (Spider:4)
  The ghost of RandomKimchi the Slicer, a novice VSWn of Uskayaw (D:9)
  A shadow wraith (WizLab)
  Amaemon (Lair:1)
  9 sea snakes
  3 wretched stars
  A sixfirhy (WizLab)
  8 skeletal warriors
  8 skysharks
  3 pharaoh ants
  A flayed ghost (Depths:4)
  A glowing orange brain (shapeshifter) (WizLab)
  A deep troll (shapeshifter) (D:15)
  3 glowing orange brains
  63 deep trolls
  9 orb spiders
  15 lindwurms
  A mana viper (WizLab)
  3 obsidian statues
  4 arcanists
  15 ironbound convokers
  12 steelbarb worms
  3 sun moths
  4 necromancers
  4 orc knights
  A lindwurm (shapeshifter) (Elf:1)
  15 harpies
  17 deep elf pyromancers
  4 deep elf archers
  3 orc sorcerers
  10 deep elf zephyrmancers
  2 worldbinders (WizLab)
  6 fauns
  Maurice (Orc:2)
  54 ugly things
  22 manticores
  31 elephants
  6 large abominations (Abyss:1)
  A toenail golem (D:10)
  22 wolf spiders
  A meliai (shapeshifter) (Elf:1)
  29 moths of wrath
  6 cyclopes
  12 vault sentinels
  11 black mambas
  5 shining eyes (Slime:5)
  8 meliai
  A kobold blastminer (Orc:1)
  10 merfolk sirens
  3 eyes of devastation
  A black mamba (shapeshifter) (D:13)
  3 molten gargoyles (Lair:5)
  2 titan simulacra (Depths:4)
  2 smoke demons
  5 water nymphs
  An orange demon (Lair:1)
  4 torpor snails
  9 cane toads
  3 cane toads (shapeshifter)
  2 gargoyles (D:14)
  3 rime drakes
  11 komodo dragons
  3 kobold demonologists (D:13)
  A freezing wraith (D:10)
  33 yaktaurs
  An ice devil (Abyss:1)
  2 red devils
  2 ancient zymes (Abyss:1)
  5 tengu conjurers
  33 merfolk
  2 merfolk (shapeshifter) (Elf:1)
  2 trolls
  2 polar bears
  5 hornets
  12 starcursed masses (Abyss:1)
  A tengu simulacrum (Vaults:4)
  A hornet (shapeshifter) (Spider:4)
  5 wind drakes
  A queen bee (D:15)
  A hellwing (Zot:2)
  41 tarantellas
  19 blink frogs
  A dream sheep (shapeshifter) (Elf:1)
  12 snapping turtles
  17 dream sheep
  2 glass eyes
  A stone giant simulacrum (Depths:4)
  A glass eye (shapeshifter) (Elf:1)
  76 slime creatures
  7 raiju
  Prince Ribbit (Lair:1)
  A deep troll zombie (Vaults:4)
  18 jumping spiders
  A jumping spider (shapeshifter) (WizLab)
  Sigmund (D:2)
  4 small abominations
  A spriggan (shapeshifter) (Elf:1)
  12 culicivoras
  A shadow (D:10)
  2 spriggans (Depths:2)
  3 centaur simulacra (Gauntlet)
  11 water elementals
  7 wraiths
  12 basilisks
  3 fire bats (Abyss:1)
  2 humans
  4 fire elementals
  A vampire (D:13)
  7 wyverns
  3 hogs (Elf:1)
  79 yaks
  3 vampire mosquitoes (D:14)
  4 wargs
  7 golden eyes
  Grum (D:9)
  5 steam dragons
  3 chaos spawn
  75 redbacks
  Menkaure (D:5)
  2 swamp worms (shapeshifter)
  A harpy simulacrum (Gauntlet)
  7 acid dragons
  7 hell hounds
  A water moccasin (shapeshifter) (Elf:1)
  13 water moccasins
  19 orc warriors
  An ice beast (D:6)
  2 black bears
  3 boggarts
  7 laughing skulls
  36 ogres
  25 wolves
  14 centaurs
  A phantom (D:5)
  2 weeping skulls
  A kobold brigand (D:13)
  5 elf zombies
  15 bullfrogs
  An earth elemental (Elf:2)
  A brain worm (Abyss:1)
  35 scorpions
  10 wights
  20 killer bees
  3 howler monkeys
  3 centaur zombies (Ossuary)
  5 lava snakes (Lair:5)
  Crazy Yiuf (D:2)
  7 jellies
  27 orc priests
  A bombardier beetle (D:5)
  4 hounds
  2 gnoll boudas
  An iron imp (Abyss:1)
  24 orc wizards
  Ijyb (D:5)
  A hell rat (D:8)
  Natasha (thrice) (D:3)
  3 iguanas
  A bullfrog simulacrum (Ossuary)
  A crocodile zombie (Ossuary)
  A hound zombie (Ossuary)
  3 mummies (Ossuary)
  Robin (D:2)
  11 gnolls
  5 adders
  3 white imps
  2 ufetubi (Abyss:1)
  4 adder zombies (Ossuary)
  A dart slug (D:1)
  7 ribbon worms
  69 orcs
  6 ball pythons
  9 endoplasms
  7 giant cockroaches
  A gnoll zombie (Ossuary)
  17 goblins
  10 hobgoblins
  2 quokkas
  6 ball python zombies (Ossuary)
  5 bats
  9 frilled lizards
  3 jackal zombies (Ossuary)
  15 kobolds
  4 kobold zombies (Ossuary)
  4 rats
  A butterfly (D:9)
  A lurking horror (Abyss:1)
2285 creatures vanquished.

Vanquished Creatures (others)
  A caustic shrike (Depths:2)
  An electric golem (Zot:5)
  An Orb Guardian (Zot:5)
  A sphinx (Vaults:3)
  2 fire giants
  A rockslime (Slime:2)
  A draconian knight (Zot:1)
  A draconian annihilator (Zot:1)
  A stone giant (Depths:2)
  A purple draconian (Zot:2)
  An ettin (Depths:3)
  A merfolk impaler (Shoals:4)
  A vault guard (D:14)
  An ice dragon (Depths:3)
  A centaur warrior (Vaults:2)
  A dancing weapon (Zot:3)
  A boulder beetle (Zot:5)
  A two-headed ogre (Orc:2)
  2 occultists
  A sun demon (Depths:2)
  A deep elf knight (Elf:1)
  A skeletal warrior (D:12)
  3 deep trolls
  A deep elf archer (D:14)
  A steelbarb worm (Spider:4)
  An orb spider (Spider:4)
  An arcanist (D:14)
  A harpy (Shoals:2)
  A wolf spider (Spider:4)
  A manticore (Shoals:1)
  2 moths of wrath (Zot:5)
  2 cane toads
  2 tengu conjurers
  A merfolk (Shoals:2)
  2 tarantellas
  A slime creature (Slime:4)
  2 jumping spiders
  2 culicivoras
  A wraith (Orc:2)
  2 redbacks (Spider:4)
  3 small abominations (Abyss:1)
  2 gnolls
  An ufetubus (Abyss:1)
  6 orcs
  A gnoll zombie (Ossuary)
  A hobgoblin (D:5)
  A lurking horror (Abyss:1)
  6 starspawn tentacles
72 creatures vanquished.

Grand Total: 2357 creatures vanquished

Notes
Turn   | Place    | Note
-------+----------+-------------------------------------------
     0 | D:1      | fpsbossfight the Gargoyle Monk began the quest for the Orb.
     0 | D:1      | Reached XP level 1. HP: 14/14 MP: 1/1
    92 | D:1      | Reached XP level 2. HP: 17/19 MP: 2/2
   375 | D:1      | Reached XP level 3. HP: 23/23 MP: 3/3
   529 | D:2      | Noticed Robin
   695 | D:3      | Reached skill level 1 in Armour
   695 | D:3      | Reached XP level 4. HP: 3/28 MP: 4/4
   736 | D:3      | Identified the +5 chain mail of Fiomyirr {rElec rN++ Str+2
                  | Stlth+}
   842 | D:3      | Found a blossoming altar of Fedhas.
   894 | D:3      | Found a sacrificial altar of Ru.
   906 | D:3      | Reached skill level 5 in Maces & Flails
   906 | D:3      | Reached skill level 2 in Armour
   916 | D:3      | Became a worshipper of Ru the Awakened
   917 | D:3      | Gained mutation: You cannot train Dodging skill. [Ru
                  | sacrifice]
   917 | D:3      | Reached * piety under Ru
   952 | D:3      | Reached XP level 5. HP: 32/32 MP: 5/5
   983 | D:3      | Noticed Natasha
   997 | D:3      | Killed Natasha
  1266 | D:3      | Noticed Natasha
  1276 | D:3      | Killed Natasha
  1277 | D:3      | Reached skill level 3 in Armour
  1431 | D:4      | Reached XP level 6. HP: 32/37 MP: 6/6
  1504 | D:4      | Found an opulent altar of Gozag.
  1682 | D:4      | Found a bloodstained altar of Trog.
  2063 | D:5      | Entered Level 5 of the Dungeon
  2149 | D:5      | Noticed Ijyb
  2239 | D:5      | Reached XP level 7. HP: 41/41 MP: 7/7
  2259 | D:5      | Found a sand-covered staircase.
  2268 | Ossuary  | Entered an ossuary
  2749 | Ossuary  | Reached skill level 5 in Fighting
  2749 | Ossuary  | Reached XP level 8. HP: 44/49 MP: 8/8
  2783 | Ossuary  | Reached skill level 1 in Evocations
  2907 | D:5      | Killed Ijyb
  3151 | D:5      | Reached skill level 4 in Armour
  3227 | D:5      | Found a staircase to the Ecumenical Temple.
  3315 | D:5      | Gained mutation: You are weak. (Str -2) [Ru sacrifice]
  3315 | D:5      | Reached ** piety under Ru
  3318 | D:5      | Noticed Menkaure
  3324 | D:5      | Killed Menkaure
  3325 | D:5      | Reached XP level 9. HP: 48/55 MP: 9/9
  3402 | D:5      | Found a radiant altar of Vehumet.
  3593 | D:5      | Found a broken altar of Ashenzari.
  3755 | D:6      | Reached skill level 5 in Armour
  4259 | D:6      | Found a hazy altar of Hepliaklqana.
  4812 | D:7      | Reached skill level 6 in Armour
  5195 | D:8      | Found an ancient bone altar of Kikubaaqudgha.
  5233 | D:8      | Noticed a cane toad
  5240 | D:8      | Reached skill level 10 in Maces & Flails
  5240 | D:8      | Reached XP level 10. HP: 47/64 MP: 10/10
  5242 | D:8      | Killed a cane toad
  5297 | D:8      | Found a staircase to the Lair.
  5724 | D:8      | Gained mutation: You are hated by all. [Ru sacrifice]
  5724 | D:8      | Reached *** piety under Ru
  6077 | D:9      | Noticed Grum
  6110 | D:9      | Found a sparkling altar of Nemelex Xobeh.
  6338 | D:9      | Killed Grum
  6372 | D:9      | Found a staircase to the Orcish Mines.
  6446 | D:9      | Found an iron altar of Okawaru.
  6494 | D:9      | Reached XP level 11. HP: 47/68 MP: 11/11
  6813 | D:9      | Noticed a white ugly thing
  6828 | D:9      | Noticed a two-headed ogre
  6829 | D:9      | Killed a white ugly thing
  6840 | D:9      | Killed a two-headed ogre
  6944 | D:9      | Found a white marble altar of Elyvilon.
  6980 | D:9      | Found a runed translucent gate.
  6981 | D:9      | Noticed a ten-headed hydra
  6983 | D:9      | Noticed RandomKimchi's ghost (novice VSWn)
  6986 | D:9      | Found a runed translucent gate.
  6987 | D:9      | Found a runed translucent gate.
  7270 | D:10     | Entered Level 10 of the Dungeon
  7270 | D:10     | Noticed a two-headed ogre
  7302 | D:9      | Reached skill level 1 in Shields
  7317 | D:10     | Noticed a two-headed ogre
  7320 | D:10     | Killed a two-headed ogre
  7364 | D:10     | Noticed a two-headed ogre
  7369 | D:10     | Killed a two-headed ogre
  7430 | D:10     | Reached skill level 15 in Maces & Flails
  7542 | D:10     | Found a transporter.
  7546 | D:10     | Noticed a wretched star
  7571 | D:10     | Found a transporter.
  7571 | D:10     | Found a one-way gate to the infinite horrors of the Abyss.
  7571 | D:10     | Noticed Mll's ghost (journeyman MiFi)
  7702 | D:10     | Found a flagged portal.
  7724 | D:10     | Found an ornate altar of the Wu Jian Council.
  8113 | D:10     | Noticed a skeletal warrior
  8121 | D:10     | Killed a skeletal warrior
  8141 | D:10     | Noticed an occultist
  8163 | D:10     | Killed an occultist
  8164 | D:10     | Reached skill level 5 in Shields
  8164 | D:10     | Reached XP level 12. HP: 67/73 MP: 12/12
  8354 | D:10     | Gained mutation: You cannot study or cast Air magic. [Ru
                  | sacrifice]
  8354 | D:10     | Gained mutation: You cannot study or cast Hexes magic. [Ru
                  | sacrifice]
  8354 | D:10     | Gained mutation: You cannot study or cast Conjurations
                  | magic. [Ru sacrifice]
  8354 | D:10     | Reached **** piety under Ru
  8354 | D:10     | Reached ***** piety under Ru
  8424 | D:10     | Killed a two-headed ogre
  8706 | D:11     | Identified the +2 hand axe "Zuirikum" {freeze, rF- rC+
                  | Str+5}
  8832 | D:11     | Noticed Erica
  8839 | D:11     | Killed Erica
  9516 | Lair:1   | Entered Level 1 of the Lair of Beasts
  9877 | Lair:1   | Noticed Prince Ribbit
  9884 | Lair:1   | Killed Prince Ribbit
 10134 | Lair:1   | Noticed Urug
 10145 | Lair:1   | Killed Urug
 10311 | Lair:1   | Noticed Amaemon
 10329 | Lair:1   | Killed Amaemon
 10330 | Lair:1   | Reached skill level 10 in Fighting
 10491 | Lair:1   | Reached XP level 13. HP: 71/83 MP: 13/13
 10616 | Lair:1   | Gained mutation: You have somewhat slow reflexes. (EV -5)
                  | [Ru sacrifice]
 10703 | Lair:1   | Reached skill level 10 in Shields
 11231 | Lair:2   | Found a hole to the Spider Nest.
 11851 | Lair:2   | Reached skill level 7 in Armour
 11934 | Lair:2   | Noticed Harold
 11949 | Lair:2   | Killed Harold
 12734 | Lair:2   | Reached skill level 8 in Armour
 12938 | Lair:3   | Identified the +1 pair of boots of Pofrokh {Will+ Slay+2}
 13023 | Lair:3   | Found a staircase to the Shoals.
 13036 | Lair:3   | Reached skill level 9 in Armour
 13157 | Lair:3   | Gained mutation: You take slightly more damage. (AC -5) [Ru
                  | sacrifice]
 13157 | Lair:3   | Reached ****** piety under Ru
 13897 | Lair:3   | Reached skill level 10 in Armour
 13993 | Lair:4   | Reached skill level 11 in Armour
 14020 | Lair:4   | Gained mutation: Your large and strong wings let you fly.
                  | [Gargoyle growth]
 14020 | Lair:4   | Reached XP level 14. HP: 47/92 MP: 7/14
 15020 | Lair:4   | Found a staircase to the Slime Pits.
 15212 | Lair:5   | Entered Level 5 of the Lair of Beasts
 15212 | Lair:5   | Found a gate leading to a gauntlet.
 15352 | Gauntlet | Entered a Gauntlet
 15352 | Gauntlet | Found a transporter.
 15352 | Gauntlet | Found a transporter.
 15435 | Gauntlet | Found a transporter.
 15448 | Gauntlet | Found a transporter.
 15466 | Gauntlet | Found a transporter.
 15466 | Gauntlet | Found a transporter.
 15466 | Gauntlet | Found a transporter.
 15469 | Gauntlet | Found a transporter.
 15469 | Gauntlet | Found a transporter.
 15484 | Gauntlet | Found a transporter.
 15500 | Gauntlet | Found a transporter.
 15510 | Gauntlet | Noticed a balrug
 15513 | Gauntlet | Found a transporter.
 15525 | Gauntlet | Found a transporter.
 15545 | Gauntlet | Found a transporter.
 15614 | Gauntlet | Identified the +0 hat "Xutaguh" {rF+ Regen+ Slay-5}
 16013 | Gauntlet | Identified the ring "Ciaquemn" {rC+ EV+5 Str+3 Dex+3}
 16027 | Gauntlet | Identified the +3 chain mail "Verchuuz" {Rampage Int-4
                  | Dex+2}
 16042 | Gauntlet | Identified the +0 chain mail of Recklessness {Int+5}
 16139 | Lair:5   | Reached skill level 15 in Fighting
 16473 | Lair:5   | Upgraded the game from 0.32-a0-685-g93135e86f0 to
                  | 0.32-a0-699-g1ee5eff69a
 16504 | Lair:5   | Found a large runed translucent door.
 16504 | Lair:5   | Found a large runed translucent door.
 17160 | Lair:5   | Reached XP level 15. HP: 63/103 MP: 6/15
 19481 | Orc:1    | Entered Level 1 of the Orcish Mines
 19594 | Orc:2    | Entered Level 2 of the Orcish Mines
 19864 | Orc:2    | Found a staircase to the Elven Halls.
 19903 | Orc:2    | Noticed Maurice
 19910 | Orc:2    | Killed Maurice
 20427 | Orc:1    | Noticed an orc warlord
 20447 | Orc:1    | Killed an orc warlord
 20628 | Orc:2    | Reached XP level 16. HP: 76/118 MP: 16/16
 20869 | Orc:2    | Found Haewof's Distillery.
 20869 | Orc:2    | Found Ageras's Magic Scroll Shoppe.
 20875 | Orc:2    | Found Moloolad's Antique Armour Emporium.
 20875 | Orc:2    | Found Cosadumi's Antique Weapon Shop.
 20905 | Orc:2    | Bought a shiny tower shield for 255 gold pieces
 21150 | Orc:2    | Noticed Josephine
 21159 | Orc:2    | Killed Josephine
 21408 | D:13     | Reached skill level 5 in Evocations
 21650 | D:13     | Found Ruquwu Ecsu's Antique Weapon Emporium.
 21771 | D:13     | Identified the +8 great sword of Royalism {freeze, rPois
                  | Str-5 Int+6}
 22236 | D:9      | Killed RandomKimchi's ghost
 22751 | D:3      | Noticed Natasha
 22757 | D:3      | Killed Natasha
 23706 | D:14     | Reached skill level 12 in Armour
 23945 | D:14     | Identified the +3 scale mail of the Vaults {rCorr Dex-5
                  | Slay+5}
 24411 | D:14     | Found a gate to the Vaults.
 24576 | D:14     | Found a glowing golden altar of the Shining One.
 24577 | D:14     | Found a white marble altar of Elyvilon.
 24579 | D:14     | Found a glowing silver altar of Zin.
 24701 | D:15     | Entered Level 15 of the Dungeon
 24992 | D:15     | Reached skill level 13 in Armour
 25018 | D:15     | Found a staircase to the Depths.
 25675 | D:15     | Reached XP level 17. HP: 107/112 MP: 8/17
 26023 | Spider:1 | Entered Level 1 of the Spider Nest
 26032 | Spider:1 | Identified the +3 longbow "Qujynuak" {heavy, rPois rC+
                  | Int+3}
 26350 | Spider:1 | Noticed Rupert
 26369 | Spider:1 | Killed Rupert
 26487 | Spider:1 | Reached skill level 1 in Throwing
 26520 | Spider:1 | Found a runed translucent door.
 26520 | Spider:1 | Noticed Zapaol's ghost (adept AtFi)
 26888 | D:2      | Noticed Sigmund
 26897 | D:2      | Killed Sigmund
 27021 | D:2      | Identified the +2 ring mail of Temperance {-Cast rN+ Dex+2}
 27065 | D:2      | Found a runed translucent door.
 27066 | D:2      | Identified the +11 hammer of World Downfall {freeze, +Blink
                  | Int+3 Dex-2 SInv}
 27066 | D:2      | Noticed Crazy Yiuf
 27134 | D:2      | Killed Robin
 27226 | D:2      | Killed Crazy Yiuf
 28486 | Spider:1 | Identified the +13 plate armour of Cheibriados, Writhing
                  | {rC- Dex+3 Slay+2}
 28699 | Spider:1 | Killed Zapaol's ghost
 29095 | Spider:2 | Noticed Mlioglotl
 29112 | Spider:2 | Killed Mlioglotl
 29549 | Spider:2 | Noticed Arachne
 29579 | Spider:2 | Killed Arachne
 29580 | Spider:2 | Reached skill level 14 in Armour
 29599 | Spider:2 | Noticed Agnes
 29613 | Spider:2 | Killed Agnes
 29704 | Spider:2 | Noticed Donald
 29738 | Spider:2 | Killed Donald
 30042 | Spider:2 | Reached skill level 5 in Throwing
 32006 | Spider:3 | Reached XP level 18. HP: 128/129 MP: 18/18
 32410 | Shoals:1 | Entered Level 1 of the Shoals
 33011 | Shoals:1 | Reached skill level 15 in Armour
 35791 | Shoals:4 | Entered Level 4 of the Shoals
 36481 | Shoals:4 | Reached skill level 15 in Shields
 36499 | Shoals:4 | Reached skill level 10 in Throwing
 36756 | Shoals:4 | Reached skill level 16 in Armour
 37061 | Shoals:4 | Found the +1 eveningstar "Brilliance" {foul flame, Umbra}
 37190 | Shoals:4 | Reached XP level 19. HP: 109/122 MP: 10/19
 37214 | Shoals:4 | Got a barnacled rune of Zot
 37484 | Shoals:4 | Reached skill level 17 in Armour
 38332 | Spider:4 | Entered Level 4 of the Spider Nest
 38669 | Spider:4 | Reached skill level 18 in Armour
 39618 | Spider:4 | Noticed Mara
 39636 | Spider:4 | Noticed Nikola
 39638 | Spider:4 | Killed Mara
 39639 | Spider:4 | Reached skill level 19 in Armour
 39723 | Spider:3 | Gained mutation: You sometimes lose your temper in combat.
                  | [mutagenic glow]
 39860 | Spider:4 | Killed Nikola
 39870 | Spider:4 | Lost mutation: You sometimes lose your temper in combat.
                  | [potion of mutation]
 39870 | Spider:4 | Gained mutation: Your magical capacity is low. (-10% MP)
                  | [potion of mutation]
 39870 | Spider:4 | Gained mutation: Your mind is acute. (Int +4, Str/Dex -1)
                  | [potion of mutation]
 39870 | Spider:4 | Gained mutation: You have large cloven feet. [potion of
                  | mutation]
 39957 | Spider:4 | Noticed Louise
 39968 | Spider:4 | Killed Louise
 40206 | Spider:4 | Got a gossamer rune of Zot
 40491 | Elf:1    | Entered Level 1 of the Elven Halls
 40692 | Elf:1    | Identified the serpent talisman "Byriegi" {rF- Str+3 Int+8}
 40692 | Elf:1    | Noticed Aizul
 40718 | Elf:1    | Killed Aizul
 40724 | Elf:1    | Noticed Norris
 40727 | Elf:1    | Reached skill level 20 in Armour
 40740 | Elf:1    | Killed Norris
 41078 | Elf:1    | Reached XP level 20. HP: 116/138 MP: 15/18
 41248 | Elf:1    | Noticed Kirke
 41262 | Elf:1    | Killed Kirke
 41557 | Elf:1    | Upgraded the game from 0.32-a0-699-g1ee5eff69a to
                  | 0.32-a0-705-g60f233581c
 41852 | Elf:2    | Identified a scroll of acquirement
 41853 | Elf:2    | Acquired 585 gold pieces
 41882 | Elf:2    | Found a runed translucent gate.
 41882 | Elf:2    | Found a runed translucent gate.
 41882 | Elf:2    | Found a runed translucent gate.
 41923 | Elf:2    | Found Etismu Etar's Armour Shoppe.
 43136 | Vaults:1 | Entered Level 1 of the Vaults
 43288 | Vaults:1 | Identified the +3 dagger "Gushug" {vamp, rPois Dex+2}
 44174 | Vaults:1 | Noticed Saint Roka
 44189 | Vaults:1 | Killed Saint Roka
 44954 | Vaults:2 | Found a staircase to the Crypt.
 45089 | Vaults:2 | Reached XP level 21. HP: 69/145 MP: 18/18
 45935 | Vaults:2 | Found Luret's Weapon Boutique.
 47053 | Vaults:3 | Noticed Xtahua
 47071 | Vaults:3 | Killed Xtahua
 47351 | Vaults:3 | Noticed Jory
 47381 | Vaults:3 | Killed Jory
 47793 | Vaults:3 | Paralysed by a sphinx for 5 turns
 48447 | Vaults:4 | Found Panepoy's Weapon Boutique.
 48933 | Vaults:4 | Reached XP level 22. HP: 163/163 MP: 19/19
 49667 | Vaults:4 | Found Woxti's Armour Shop.
 50177 | Depths:1 | Entered Level 1 of the Depths
 50355 | D:10     | Killed Mll's ghost
 51232 | Depths:1 | Reached skill level 21 in Armour
 51330 | Depths:1 | Found a gateway to Hell.
 51729 | Depths:1 | Found a runed translucent door.
 52101 | Depths:1 | Found a runed translucent door.
 52358 | Depths:2 | Reached skill level 22 in Armour
 52489 | Depths:2 | Found a one-way gateway to a ziggurat.
 52783 | Depths:2 | Found a one-way gate leading to the halls of Pandemonium.
 52933 | Depths:2 | Reached XP level 23. HP: 163/163 MP: 20/20
 52983 | Depths:2 | Noticed a caustic shrike
 52991 | Depths:2 | Noticed a caustic shrike
 52992 | Depths:2 | Killed a caustic shrike
 53004 | Depths:2 | Killed a caustic shrike
 53091 | Depths:2 | Noticed a caustic shrike
 53104 | Depths:2 | Killed a caustic shrike
 53164 | Depths:2 | Noticed a caustic shrike
 53178 | Depths:2 | Killed a caustic shrike
 53179 | Depths:2 | Reached skill level 23 in Armour
 53336 | Depths:2 | Noticed a golden dragon
 53347 | Depths:2 | Killed a golden dragon
 53896 | Depths:2 | Identified the +5 war axe of the Crafting Gods {flame,
                  | rPois rF+ Str+2}
 54233 | Depths:2 | Reached skill level 24 in Armour
 54676 | Depths:2 | Found a portal to a secret trove of treasure.
 55382 | Depths:3 | Noticed a golden dragon
 55396 | Depths:3 | Killed a golden dragon
 55530 | Depths:3 | Reached skill level 25 in Armour
 55571 | Depths:3 | Noticed a caustic shrike
 55601 | Depths:3 | Killed a caustic shrike
 55707 | Depths:3 | Identified the ring "Ojiseump" {rElec rPois rC++ rCorr
                  | Str-4}
 55712 | Depths:3 | Identified the ring of Devotion {rC+ Will+}
 55849 | Depths:3 | Noticed a juggernaut
 56158 | Depths:3 | Noticed a golden dragon
 56169 | Depths:3 | Killed a golden dragon
 56492 | Depths:3 | Killed a juggernaut
 56493 | Depths:3 | Reached XP level 24. HP: 168/173 MP: 20/20
 56841 | Depths:3 | Identified the amulet of Zusmyom {Reflect +Blink rCorr
                  | SH+5}
 56957 | Depths:4 | Entered Level 4 of the Depths
 56984 | Depths:4 | Found a magical portal.
 56990 | WizLab   | Entered The Roulette of Golubria
 56990 | WizLab   | Found a transporter.
 56996 | WizLab   | Found a corrupted altar of Lugonu.
 56997 | WizLab   | Found a transporter.
 56998 | WizLab   | Found a corrupted altar of Lugonu.
 57004 | WizLab   | Reached skill level 26 in Armour
 57006 | WizLab   | Found a corrupted altar of Lugonu.
 57019 | WizLab   | Found a transporter.
 57100 | WizLab   | Found a corrupted altar of Lugonu.
 57102 | WizLab   | Found a transporter.
 57170 | WizLab   | Found a transporter.
 57175 | WizLab   | Found a corrupted altar of Lugonu.
 57207 | WizLab   | Found a transporter.
 57249 | WizLab   | Found a transporter.
 57345 | WizLab   | Found a transporter.
 57350 | WizLab   | Found a transporter.
 57394 | WizLab   | Found a transporter.
 57394 | WizLab   | Found a corrupted altar of Lugonu.
 57412 | Abyss:1  | Cast into level 1 of the Abyss (boggart)
 57900 | Abyss:1  | Found a corrupted altar of Lugonu.
 58268 | WizLab   | Escaped the Abyss
 58302 | WizLab   | Found a transporter.
 58328 | WizLab   | Found a transporter.
 58344 | WizLab   | Found a transporter.
 58345 | WizLab   | Found a transporter.
 58372 | WizLab   | Got Emma's Folio of Subspace
 58473 | WizLab   | Found a transporter.
 58473 | WizLab   | Found a transporter.
 58473 | WizLab   | Found a corrupted altar of Lugonu.
 58504 | WizLab   | Found a transporter.
 58708 | WizLab   | Reached skill level 27 in Armour
 58723 | WizLab   | Identified the +0 cloak "Hosacir" {Int+3}
 58736 | WizLab   | Identified the +1 cloak "Oliheiv" {*Slow rF+ Will+++ Int-4}
 58742 | WizLab   | Got the Folio of the Wayfarer
 58851 | Depths:4 | Noticed a juggernaut
 58870 | Depths:4 | Killed a juggernaut
 59218 | Depths:4 | Noticed Mennas
 59236 | Depths:4 | Killed Mennas
 59345 | Depths:4 | Found a runed translucent door.
 59346 | Depths:4 | Noticed Heokhletz's ghost (veteran OnGl)
 59749 | Depths:4 | Found a glowing golden altar of the Shining One.
 60070 | Depths:4 | Found a gate to the Realm of Zot.
 60397 | Depths:4 | Killed Heokhletz's ghost
 60488 | Depths:4 | Identified the +1 pair of boots of Circular Logic {-Tele
                  | Dex+6}
 61026 | Slime:1  | Entered Level 1 of the Pits of Slime
 61664 | Slime:2  | Reached XP level 25. HP: 175/184 MP: 20/20
 62912 | Slime:5  | Entered Level 5 of the Pits of Slime
 62946 | Slime:5  | Noticed the Royal Jelly
 62959 | Slime:5  | Killed the Royal Jelly
 63212 | Slime:5  | Identified the ring "Xucexiva" {Ice rPois Int+3 Dex-5
                  | Slay-4}
 63408 | Slime:5  | Got a slimy rune of Zot
 64307 | Zot:1    | Entered Level 1 of the Realm of Zot
 64391 | Zot:1    | Noticed Vv
 64422 | Zot:1    | Killed Vv
 64800 | Orc:2    | Bought 2 potions of might for 128 gold pieces
 64800 | Orc:2    | Bought a potion of invisibility for 128 gold pieces
 64800 | Orc:2    | Bought a potion of heal wounds for 80 gold pieces
 64800 | Orc:2    | Bought a potion of curing for 48 gold pieces
 64800 | Orc:2    | Bought a potion of enlightenment for 80 gold pieces
 64800 | Orc:2    | Bought a potion of curing for 48 gold pieces
 64800 | Orc:2    | Bought a potion of heal wounds for 80 gold pieces
 64801 | Orc:2    | Bought a scroll of vulnerability for 60 gold pieces
 64801 | Orc:2    | Bought a scroll of teleportation for 45 gold pieces
 64801 | Orc:2    | Bought a scroll of fog for 60 gold pieces
 65298 | Zot:1    | Found a glowing silver altar of Zin.
 65546 | Zot:1    | Found the +27 heavy crossbow "Sniper" {heavy, Acc+∞ SInv}
 65854 | Zot:3    | Noticed an orb of fire
 67358 | Zot:2    | Gained mutation: You are clumsy. (Dex -2) [an orb of fire]
 67364 | Zot:2    | Gained mutation: Your body sometimes deteriorates upon
                  | taking damage. [an orb of fire]
 67365 | Zot:2    | Gained mutation: You sometimes lose your temper in combat.
                  | [an orb of fire]
 67366 | Zot:2    | Lost mutation: Your mind is acute. (Int +4, Str/Dex -1) [an
                  | orb of fire]
 67372 | Zot:2    | Killed an orb of fire
 67436 | Zot:2    | Lost mutation: You are clumsy. (Dex -2) [potion of
                  | mutation]
 67436 | Zot:2    | Lost mutation: Your body sometimes deteriorates upon taking
                  | damage. [potion of mutation]
 67436 | Zot:2    | Gained mutation: You are vulnerable to heat. (rF-) [potion
                  | of mutation]
 67437 | Zot:2    | Lost mutation: You are vulnerable to heat. (rF-) [potion of
                  | mutation]
 67437 | Zot:2    | Lost mutation: You have large cloven feet. [potion of
                  | mutation]
 67437 | Zot:2    | Lost mutation: Your magical capacity is low. (-10% MP)
                  | [potion of mutation]
 67437 | Zot:2    | Gained mutation: You are very weak. (Str -4) [potion of
                  | mutation]
 67437 | Zot:2    | Gained mutation: You are vulnerable to heat. (rF-) [potion
                  | of mutation]
 67437 | Zot:2    | Gained mutation: You have large cloven feet. [potion of
                  | mutation]
 67438 | Zot:2    | Lost mutation: You have large cloven feet. [potion of
                  | mutation]
 67438 | Zot:2    | Lost mutation: You are very weak. (Str -4) [potion of
                  | mutation]
 67438 | Zot:2    | Gained mutation: You are strong-willed. (Will+) [potion of
                  | mutation]
 67438 | Zot:2    | Gained mutation: You are partially covered in iridescent
                  | scales. (AC +2) [potion of mutation]
 67439 | Zot:2    | Lost mutation: You are vulnerable to heat. (rF-) [potion of
                  | mutation]
 67439 | Zot:2    | Lost mutation: You sometimes lose your temper in combat.
                  | [potion of mutation]
 67439 | Zot:2    | Lost mutation: You are partially covered in iridescent
                  | scales. (AC +2) [potion of mutation]
 67439 | Zot:2    | Gained mutation: You occasionally lose the ability to read
                  | scrolls when taking damage. [potion of mutation]
 67439 | Zot:2    | Gained mutation: You have a pair of small antennae on your
                  | head. [potion of mutation]
 67439 | Zot:2    | Gained mutation: Your spells are a little harder to cast,
                  | but a little more powerful. [potion of mutation]
 68069 | Zot:5    | Entered Level 5 of the Realm of Zot
 68117 | Zot:5    | Reached XP level 26. HP: 190/190 MP: 23/23
 68341 | Zot:5    | Found a transporter.
 68927 | Zot:5    | Noticed a Killer Klown
 68943 | Zot:5    | Killed a Killer Klown
 69021 | Zot:5    | Noticed an orb of fire
 69038 | Zot:5    | Gained mutation: Your magical capacity is low. (-10% MP)
                  | [an orb of fire]
 69043 | Zot:5    | Gained mutation: Potions are less effective at restoring
                  | your health. [an orb of fire]
 69044 | Zot:5    | Killed an orb of fire
 69066 | Zot:5    | Noticed a Killer Klown
 69066 | Zot:5    | Noticed a Killer Klown
 69066 | Zot:5    | Noticed a Killer Klown
 69094 | Zot:5    | Noticed a Killer Klown
 69098 | Zot:5    | Killed a Killer Klown
 69098 | Zot:5    | Killed a Killer Klown
 69099 | Zot:5    | Killed a Killer Klown
 69106 | Zot:5    | Killed a Killer Klown
 69113 | Zot:5    | Noticed an orb of fire
 69333 | Zot:5    | Killed an orb of fire
 69338 | Zot:5    | Noticed a Killer Klown
 69349 | Zot:5    | Killed a Killer Klown
 69353 | Zot:5    | Noticed a dread lich
 69529 | Zot:5    | Killed a dread lich
 69679 | Zot:5    | Noticed a Killer Klown
 69710 | Zot:5    | Killed a Killer Klown
 70162 | Zot:5    | Got the Orb of Zot
 70165 | Zot:5    | Noticed Quull the pandemonium lord
 70275 | Zot:2    | Noticed Zittimal the pandemonium lord
 70384 | Depths:3 | Noticed Failuma the pandemonium lord
 70759 | D:$      | Escaped with the Orb!

Illustrated notes

Levels and vault maps discovered:
D:1:      dpeg_arrival_tiny_k, layout_rooms
D:2:      layout_rooms, st_stairs_2, minmay_misc_feat_more_columns,
          nrook_campfire, uniq_sigmund, uniq_crazy_yiuf_cottage, uniq_robin
D:3:      layout_basic, amcnicky_altar_gilded,
          nicolae_ru_great_annihilating_truth, uniq_natasha
D:4:      layout_basic, lemuel_doored_altar, lemuel_round_altar
D:5:      layout_cave_pools, mainiacjoe_overflow_six_doors_small,
          mainiacjoe_overflow_alcove_4, minmay_temple_entry_statues,
          enter_ossuary_1, serial_bayou_lagoon_a, nicolae_goblin_pals,
          uniq_menkaure, uniq_ijyb
D:6:      layout_loops_ring, nicolae_hepliaklqana_hippocampus
D:7:      layout_basic
D:8:      layout_basic, lemuel_crystal_altar, dpeg_lair_monsters, serial_curves,
          eino_curves_02, eino_curves_02, eino_curves_01
D:9:      layout_rooms, nemelex_xobeh_ov_fountains_minmay, okawaru_gym_becter,
          nicolae_elyvilon_peaceful_grove, orc_david_3,
          gammafunk_ghost_hydra_chop, uniq_grum
D:10:     layout_roguey, lemuel_crystal_altar, enter_bailey_3,
          gammafunk_ghost_abyssal_escape, kennysheep_big_empty_room,
          grunt_ministairs_8, wad_mini_maze
D:11:     layout_stronghold, serial_park_tiny_1, lemuel_old_faithful, uniq_erica
D:12:     layout_layer_cave
D:13:     layout_basic, serial_shops, nicolae_stop_n_shop_1, minivault_16
D:14:     layout_big_octagon, grunt_vaults_entry_fortified,
          good_gods_mini_temple, minmay_lindwurm_lava
D:15:     hangedman_depths_entry_civil_slaughter, layout_basic,
          skrybe_limestone_x, minmay_misc_feat_x, nicolae_looking_at_the_future
Lair:1:   layout_regular_city, uniq_amaemon, uniq_urug, uniq_prince_ribbit2
Lair:2:   layout_regular_city, nicolae_spider_entry_non_spiders, uniq_harold
Lair:3:   layout_long_grid, elwin_shoals_entry_stream,
          nicolae_volcano_entry_vermiform, serial_forest,
          infiniplex_forest_clump_C, infiniplex_forest_zigzag_1,
          infiniplex_forest_straight_2, infiniplex_forest_clump_long,
          infiniplex_forest_straight_4, dreamdust_deal_with_the_devil
Lair:4:   layout_gridlike, minmay_slime_entry_pillars, grunt_megastairs_3,
          infiniplex_staircase_pool_2
Lair:5:   cheibrodos_lair_end_hotspot, layout_loops_ring,
          gauntlet_entry_generic, chequers_serial_rivers_room_b
Shoals:1: layout_shoals
Shoals:2: layout_shoals
Shoals:3: layout_shoals, nicolae_shoals_spring_well_temple
Shoals:4: shoals_end_simple, layout_shoals
Spider:1: layout_chambers, gammafunk_ghost_grave, hangedman_spider_trapstep,
          uniq_rupert
Spider:2: layout_chambers, hangedman_spider_tarantella_strand, uniq_arachne,
          uniq_agnes, uniq_mlioglotl, uniq_donald
Spider:3: spiders_nest_a, nicolae_spider_baby_got_redback
Spider:4: grunt_spider_rune_parallel, drop_trap, hellmonk_deceptive_appearances,
          uniq_mara, uniq_louise, uniq_nikola
Slime:1:  layout_caves
Slime:2:  layout_caves
Slime:3:  layout_caves
Slime:4:  layout_caves
Slime:5:  slime_pit_nicolae_trefoil
Orc:1:    layout_diamond_mine, minmay_orc_temple_c
Orc:2:    st_orc_ogre_mass, layout_caves, mines1_david, uniq_josephine,
          uniq_maurice
Elf:1:    elf_arrival_002, layout_loops_cross, nicolae_elf_shapeshifter_party,
          grunt_ministairs_8, uniq_norris, uniq_aizul, uniq_kirke
Elf:2:    nicolae_elf_blades_splatter_lattice
          [nicolae_blade_entry_hurt_lockers], layout_rooms, serial_shops, shop
Vaults:1: nicolae_vaults_ninety_degrees, hangedman_vaults_stretched_pinwheel,
          vaults_mumra_minichess_inversion, v_misc_22, layout_vaults_omnigrid,
          uniq_saint_roka
Vaults:2: v_misc_29, dpeg_vaults_monster_box, nicolae_vaults_closet_pinwheel_6,
          hangedman_vaults_trim, v_alt_pattern_5, hangedman_vaults_cutoff,
          vaults_room_fancy_cross, v_alt_pattern_1, nicolae_vaults_tangram_2,
          nicolae_vaults_theta, nicolae_vaults_diagonal_hallway_7,
          nicolae_vaults_tetromino_Z_2, layout_vaults_omnicross,
          minmay_crypt_entry_simple_box
Vaults:3: v_misc_15, ontoclasm_vaults_misaligned, v_rooms_4,
          ontoclasm_vaults_spin, nicolae_vaults_network_quinsquares
          [nicolae_vaults_network_quincunx_subvault,
          nicolae_vaults_network_quincunx_subvault,
          nicolae_vaults_network_quincunx_subvault,
          nicolae_vaults_network_quincunx_subvault],
          hangedman_vaults_restitches, nicolae_vaults_octothorpe,
          grunt_vaults_trifunnel, nicolae_vaults_sightless_eye,
          nicolae_vaults_little_ls, nicolae_vaults_little_squares_3,
          nicolae_vaults_swerve, ontoclasm_vaults_loading_screen,
          layout_vaults_maze, uniq_xtahua, uniq_jory
Vaults:4: nicolae_vaults_heart-shaped_vault, nicolae_vaults_tetromino_T_1,
          nicolae_vaults_quartermaster, v_misc_8, v_pattern_1,
          nicolae_vaults_trapezoid_2, nicolae_vaults_taking_the_gang_shopping,
          ontoclasm_vaults_chip, vaults_room_door_ring,
          nicolae_vaults_tetromino_Z_1, layout_vaults_chaotic_city,
          serial_shops, shop
Depths:1: layout_basic, minmay_misc_feat_five, hell_entry, grunt_ministairs_10,
          lightli_gold_pyramid
Depths:2: minmay_spiral_squares, layout_gridlike, enter_ziggurat_b,
          pf_hell_entry_tar_spiral, nicolae_trove_entry_columns,
          grunt_pan_entry_zigzag
Depths:3: minmay_the_grid_3x3 [minmay_the_grid_slots, minmay_the_grid_airy,
          minmay_the_grid_eight, minmay_the_grid_diamond_grid,
          minmay_the_grid_expand, minmay_the_grid_odd_star,
          minmay_the_grid_spin_star, minmay_the_grid_square_x,
          minmay_the_grid_prize_diamond_cup], layout_long_grid,
          hangedman_decor_clover_reticule,
          nicolae_abyss_entry_one_way_or_another, hell_entry,
          minmay_variable_closet
Depths:4: evilmike_zot_entry_gauntlet, layout_cave_pools,
          muffindrake_ghost_dead_mans_drink, nicolae_tso_swordbearing_angel,
          hell_entry, infiniplex_enter_wizlab_spiral, serial_bayou_pond_c,
          uniq_mennas
Zot:1:    layout_cathedral_of_symmetry, basic_altar,
          regret_index_zotdec_stipple_waver, bh_zot_lava_cross,
          grunt_ministairs_5, uniq_vv
Zot:2:    layout_gridlike, regret_index_zotdec_storm_pass, grunt_ministairs_8
Zot:3:    layout_cathedral_of_symmetry, nicolae_rock_paper_scissors
Zot:4:    layout_gridlike, regret_index_zotdec_misc_clamp
Zot:5:    layout_twisted_circle, st_stairs_9, nicolae_diode_basic

Skill      XL: |  1  2  3  4  5  6  7  8  9 10 11 12 13 14 15 16 17 18 19 20 21 22 23 24 25 26 |
---------------+-------------------------------------------------------------------------------+-----
Maces & Flails | 4 5 6 7 8 10 13 15 16 | 16.0
Armour         | 1 2 3 4 6 11 13 14 16 20 22 25 27 | 27.0
Dodging        | 0 |  0.0
Fighting       | 5 6 8 10 12 17 20 21 24 26 | 26.0
Evocations     | 4 7 8 |  8.0
Shields        | 5 9 10 12 13 15 18 23 26 | 26.3
Throwing       | 7 10 12 | 12.0

Action                     |  1- 3 |  4- 6 |  7- 9 | 10-12 | 13-15 | 16-18 | 19-21 | 22-24 | 25-27 || total
---------------------------+-------+-------+-------+-------+-------+-------+-------+-------+-------++-------
  Melee: Mace              |    79 |   158 |   251 |       |       |       |       |       |       ||   488
         Flail             |       |       |    57 |       |       |       |       |       |       ||    57
         Morningstar       |       |       |    73 |   568 |       |       |       |       |       ||   641
         Demon whip        |       |       |       |    42 |  1264 |  2242 |       |   212 |   914 ||  4674
         Eveningstar       |       |       |       |       |       |    24 |  1691 |  1974 |       ||  3689
  Throw: Boomerang         |       |       |       |       |       |    17 |    36 |    15 |       ||    68
         Dart              |       |       |       |       |       |     2 |       |       |       ||     2
         Javelin           |       |       |       |       |       |     4 |       |    14 |    24 ||    42
 Invoke: Sacrifice Nimblen |       |     1 |       |       |       |       |       |       |       ||     1
         Sacrifice Purity  |       |       |     1 |       |       |       |       |       |       ||     1
         Sacrifice Love    |       |       |       |     1 |       |       |       |       |       ||     1
         Apocalypse        |       |       |       |     3 |    10 |     6 |     5 |     6 |     4 ||    34
         Power Leap        |       |       |       |     1 |     1 |     2 |       |       |       ||     4
         Sacrifice Arcana  |       |       |       |     1 |       |       |       |       |       ||     1
         Sacrifice Health  |       |       |       |       |     2 |       |       |       |       ||     2
         Draw Out Power    |       |       |       |       |     1 |       |     1 |     5 |     1 ||     8
  Evoke: Wand              |       |       |    12 |    48 |    13 |     9 |    10 |     7 |     9 ||   108
         Lightning rod     |       |       |       |       |     2 |       |       |       |     4 ||     6
         Tin of tremorston |       |       |       |       |       |       |       |       |     2 ||     2
    Use: Scroll            |     5 |     6 |     9 |     6 |     6 |     6 |    11 |    12 |    20 ||    81
         Potion            |       |     1 |     2 |     2 |     3 |     2 |    10 |     2 |    10 ||    32
   Stab: Paralysed         |       |     1 |       |       |    24 |     7 |    15 |    21 |    12 ||    80
         Invisible         |       |       |       |     5 |    18 |    19 |     2 |    15 |     2 ||    61
         Distracted        |       |       |       |     5 |     5 |    20 |     7 |     9 |     3 ||    49
         Held in net/web   |       |       |       |       |       |       |     1 |       |       ||     1
 Armour: Robe              |    33 |       |       |       |       |       |       |       |       ||    33
         Chain mail        |    18 |   112 |   394 |   303 |   581 |   320 |       |       |       ||  1728
         Plate armour      |       |       |       |       |       |   649 |   683 |   796 |   387 ||  2515
  Dodge: Dodged            |    54 |    62 |   212 |   239 |   332 |   574 |   235 |   223 |    67 ||  1998
  Block: Kite shield       |       |       |       |   133 |   475 |   738 |    45 |       |       ||  1391
         Tower shield      |       |       |       |       |       |   596 |  1717 |  2203 |   881 ||  5397
         Reflection        |       |       |       |       |       |    16 |    91 |    33 |    35 ||   175

Table legend: (Time is in decaauts)
 A = Elapsed time spent in this place.
 B = Non-inter-level travel time spent in this place.
 C = Inter-level travel time spent in this place.
 D = Time resting spent in this place.
 E = Time spent auto-exploring this place.
 F = Levels seen in this place.
 G = Mean time per level.
                   A        B        C        D        E       F      G
               +--------+--------+--------+--------+--------+-----+--------+
         Total |  68461 |  59733 |   8728 |   7300 |  36269 |  54 | 1267.8 |
       Dungeon |  17409 |  13170 |   4239 |    564 |   9297 |  15 | 1160.6 |
          Lair |   8845 |   7280 |   1565 |    821 |   4878 |   5 | 1769.0 |
        Shoals |   4840 |   4737 |    103 |    488 |   3120 |   4 | 1210.0 |
   Spider Nest |   7322 |   6846 |    476 |    948 |   3924 |   4 | 1830.5 |
    Slime Pits |   2831 |   2523 |    308 |     94 |   1799 |   5 |  566.2 |
  Orcish Mines |   1933 |   1648 |    285 |    375 |    852 |   2 |  966.5 |
   Elven Halls |   2407 |   2269 |    138 |    280 |   1368 |   2 | 1203.5 |
        Vaults |   6801 |   6436 |    365 |    540 |   4397 |   4 | 1700.2 |
        Depths |   8807 |   7774 |   1033 |   1095 |   4575 |   4 | 2201.8 |
           Zot |   4218 |   4005 |    213 |   1699 |    638 |   5 |  843.6 |
         Abyss |    819 |    819 |      0 |     33 |    497 |   1 |  819.0 |
       Ossuary |    607 |    607 |      0 |     86 |    230 |   1 |  607.0 |
        Wizlab |    889 |    889 |      0 |     18 |    479 |   1 |  889.0 |
      Gauntlet |    726 |    726 |      0 |    256 |    214 |   1 |  726.0 |
               +--------+--------+--------+--------+--------+-----+--------+

Top non-repeatable levels by time:
Depths:2: 2750 daAuts
Depths:4: 2204 daAuts
Spider:2: 2180 daAuts
Depths:3: 2157 daAuts
    D:10: 2090 daAuts
  Lair:5: 2080 daAuts
Spider:1: 2023 daAuts
Vaults:2: 1894 daAuts
     D:9: 1885 daAuts
  Lair:1: 1858 daAuts
Vaults:3: 1829 daAuts
Shoals:4: 1822 daAuts
  Lair:3: 1812 daAuts
  Lair:2: 1706 daAuts
Depths:1: 1696 daAuts
